 Dungeon Crawl Stone Soup version 0.27.0-1-g7a089689b8 (console) character file.

Game seed: 2463193790191487637

51 jejorda2 the Sneak (level 3, -2/27 HPs)
             Began as a Vampire Hedge Wizard on Aug 10, 2021.
             Was a Believer of Makhleb.
             Slain by a white imp (3 damage)
             ... on level 2 of the Dungeon.
             The game lasted 00:04:56 (1700 turns).

jejorda2 the Sneak (Vampire Hedge Wizard)           Turns: 1700, Time: 00:04:57

Health: -2/27      AC:  5    Str: 10    XL:     3   Next: 58%
Magic:  7/7        EV: 10    Int: 16    God:    Makhleb [**....]
Gold:   53         SH:  0    Dex: 13    Spells: 7/8 levels left

rFire    . . .     SeeInvis +   a - +0 short sword
rCold    . . .     Faith    .   (no shield)
rNeg     . . .     Spirit   .   n - +0 ring mail
rPois    .         Reflect  .   c - +0 hat
rElec    .         Harm     .   (no cloak)
rCorr    .         Rampage  .   (no gloves)
Will     .....                  (no boots)
Stlth    ++........             (no amulet)
HPRegen  0.29/turn              (no ring)
MPRegen  0.10/turn              (no ring)

@: flying, healing quickly
A: alive, fangs 3, see invisible, vampiric 2
a: Exsanguinate, Renounce Religion, Minor Destruction


You were on level 2 of the Dungeon.
You worshipped Makhleb.
Makhleb was pleased with you.
You visited 1 branch of the dungeon, and saw 3 of its levels.

You collected 53 gold pieces.

Inventory:

Hand Weapons
 a - a +0 short sword (weapon)
 e - a +0 dagger
Armour
 b - a +0 robe
 c - a +0 hat (worn)
 k - +0 fire dragon scales
 n - a +0 ring mail (worn)
Wands
 l - a wand of digging (4)
Scrolls
 i - a scroll of enchant weapon {unknown}
 o - a scroll of identify {unknown}
Potions
 d - a potion of flight
 f - a potion of attraction {unknown}
 g - a potion of degeneration {unknown}
 h - 2 potions of curing {unknown}
 j - a potion of cancellation {unknown}
 m - a potion of heal wounds {unknown}


   Skills:
 + Level 1.8 Fighting
 + Level 1.6 Short Blades
 + Level 0.1 Armour
 - Level 2.1 Dodging
 - Level 3.0 Stealth
 - Level 3.0 Spellcasting
 - Level 0.6 Conjurations
 - Level 1.0 Summonings
 - Level 0.7 Translocations
 + Level 1.3 Invocations


You had 7 spell levels left.
You knew the following spells:

 Your Spells              Type           Power      Damage    Failure   Level
a - Magic Dart            Conj           16%        1d3       36%         1

Your spell library contained the following spells:

 Spells                   Type           Power      Damage    Failure   Level
 Call Imp                 Summ           5%         N/A       43%         2
 Blink                    Tloc           N/A        N/A       50%         2
 Static Discharge         Conj/Air       3%         N/A       54%         2
 Slow                     Hex            2%         N/A       58%         2
 Conjure Flame            Conj/Fire      3%         6-21      78%         3
 Mephitic Cloud           Conj/Pois/Air  3%         N/A       80%         3
 Lightning Bolt           Conj/Air       1%         1d12      100%        5
 Maxwell's Capacitive Co  Air            1%         ∞         100%        8


Dungeon Overview and Level Annotations

Branches:
Dungeon (3/15)

Altars:
Makhleb

Annotations:
D:3 Sigmund


Innate Abilities, Weirdness & Mutations

Your natural rate of healing is accelerated.
You have razor-sharp teeth.
You have supernaturally acute eyesight. (SInv)
You are afflicted with vampirism and can become a bat while bloodless.


Message History

Unknown command.
You barely miss the white imp.
The white imp hits you but does no damage.
You hit the white imp but do no damage.
The white imp hits you but does no damage.
You hit the white imp but do no damage. The white imp hits you.
The white imp freezes you.
You hit the white imp.
The white imp is moderately wounded.
The white imp barely misses you.
You hit the white imp but do no damage.
The white imp is moderately wounded.
The white imp gestures at you. The puff of frost hits you.
You hit the white imp.
The white imp is moderately wounded.
The white imp hits you but does no damage.
You hit the white imp but do no damage.
You bite the white imp, but do no damage.
The white imp is moderately wounded.
The white imp hits you but does no damage.
You hit the white imp but do no damage.
The white imp is moderately wounded.
The white imp closely misses you.
You closely miss the white imp.
The white imp is moderately wounded.
The white imp hits you. The white imp freezes you.
* * * LOW HITPOINT WARNING * * *
You hit the white imp but do no damage.
The white imp is moderately wounded.
The white imp closely misses you.
You hit the white imp but do no damage.
The white imp is moderately wounded.
The white imp gestures at you. The puff of frost hits you!
* * * LOW HITPOINT WARNING * * *
It was a potion of flight.
You feel very buoyant.
You fly up into the air.
The white imp hits you.
You die...

#...........# #############
#####........# .......##...#
######...#.........
.......##.#.#
#...##...#.........
......†'..#.#
#...##...##.###....
.......#..#.# #...##...##.#
#.... ######.#.##.#
#...##...##.# #....
#...#....###...##......# #....
#.#...#....#.@.##...######.)..
#.#.#........5......# ##.....
#.#.#...........##### ##.♣....
#.#.......#........# ##.......
#.###..#.........#.# #.♣...♣..
#.#......##......#.# #........
#.#...###.......##.# #...>...#
#.#.....#.####.###†# #.......#
#.#######.# #...#.# #.♣...♣.#


You could see a white imp.

Vanquished Creatures
  An adder (D:2)
  5 ball pythons
  3 bats
  2 bat skeletons (D:2)
  An endoplasm (D:1)
  2 giant cockroaches
  4 hobgoblins
  4 jackals (D:1)
  3 kobolds
  3 frilled lizards
  A giant cockroach zombie (D:2)
  4 goblins
  6 rats
39 creatures vanquished.

Notes
Turn   | Place    | Note
-------+----------+-------------------------------------------
     0 | D:1      | jejorda2 the Vampire Hedge Wizard began the quest for the
                  | Orb.
     0 | D:1      | Reached XP level 1. HP: 13/13 MP: 4/4
    45 | D:1      | Reached skill level 1 in Fighting
    95 | D:1      | Found a faded altar of an unknown god.
   101 | D:1      | Became a worshipper of Makhleb the Destroyer
   101 | D:1      | Reached * piety under Makhleb
   261 | D:1      | Reached XP level 2. HP: 20/21 MP: 6/6
   735 | D:1      | Reached skill level 1 in Short Blades
   932 | D:1      | Reached skill level 1 in Invocations
  1144 | D:2      | Gained mutation: You are afflicted with vampirism and can
                  | become a bat while bloodless. [Vampire growth]
  1144 | D:2      | Reached XP level 3. HP: 26/26 MP: 4/7
  1403 | D:2      | Reached ** piety under Makhleb
  1684 | D:3      | Noticed Sigmund
  1699 | D:2      | HP: 1/27 [white imp/puff of frost (8)]
  1700 | D:2      | Slain by a white imp

Illustrated notes

Levels and vault maps discovered:
D:1:      lightli_arrival_windingriver, layout_loops_ring,
          dreamdust_ecumenical_altar_statues, minmay_quantized
D:2:      layout_basic, serial_undead, serial_undead_e, serial_undead_a,
          serial_undead_e, serial_undead_c, grunt_ministairs_2
D:3:      layout_rooms, overflow_temple_1_default, gammafunk_ghost_necromancy,
          uniq_sigmund

Skill      XL: |  1  2 |
---------------+-------+-----
Fighting       | 1 |  1.8
Short Blades   | 1 |  1.6
Invocations    | 1 |  1.3
Armour         | |  0.1
Dodging        | |  2.1
Stealth        | |  3.0
Spellcasting   | |  3.0
Conjurations   | |  0.6
Summonings     | |  1.0
Translocations | |  0.7

Action                   || total
-------------------------++-------
Melee: Dagger            ||    24
       Short sword       ||   104
       Bite              ||    10
 Cast: Magic Dart        ||    48
  Use: Potion            ||     1
 Stab: Sleeping          ||     1
Armor: Robe              ||    12
       Fire dragon scale ||    49
       Ring mail         ||     4
Dodge: Dodged            ||    75
